ORI
MISSISSIPPI STATE UNIVERSITY BULLDOGS @ LOUISIANA STATE UNIVERSITY TIGERS
12/07/2048
 
TOP OF THE 1ST
Mississippi State University Bulldogs batting - Pitching for Louisiana State University Tigers : LHP Juan Barrios
Pitching: LHP Juan Barrios
Batting: RHB Freddie Kite 0-0: Ball
1-0: Ball
2-0: Ball
3-0: Base on Balls
Batting: RHB Masahito Sunada 0-0: Called Strike
0-1: Swinging Strike
0-2: Fly out, F9 (Line Drive, 9, EV 93.1 MPH)
Batting: RHB Benito Gonzales 0-0: Fly out, F8 (Flyball, 8LM, EV 90.6 MPH)
Batting: RHB Cody Ammann 0-0: Ball
Freddie Kite steals 2nd base
1-0: Called Strike
1-1: Fly out, F9 (Flyball, 89D, EV 83.8 MPH)
Top of the 1st over - 0 runs, 0 hits, 0 errors, 1 left on base; Mississippi State University 0 - Louisiana State University 0
BOTTOM OF THE 1ST
Louisiana State University Tigers batting - Pitching for Mississippi State University Bulldogs : RHP Antonio Ramirez
Pitching: RHP Antonio Ramirez
Batting: LHB Elijah Mallandain 0-0: Ball
1-0: Ball
2-0: Foul Ball, location: 2F
2-1: Foul Ball, location: 2F
2-2: Strikes out looking
Batting: RHB Winston Vasquez 0-0: Called Strike
0-1: Ball
1-1: Ball
2-1: Ball
3-1: Base on Balls
Batting: RHB Stewart Walker 0-0: Called Strike
0-1: SINGLE (Line Drive, 56D, EV 98.1 MPH)
Winston Vasquez to second
Batting: RHB Keith Ashton 0-0: Called Strike
0-1: Reached on error, E5 (Groundball, 56, EV 111.9 MPH)
Winston Vasquez to third
Stewart Walker to second
Batting: LHB Oscar Rivera 0-0: Foul Ball, location: 2F
0-1: Foul Ball, location: 2F
0-2: Ball
1-2: Ball
2-2: Foul Ball, location: 2F
2-2: Foul Ball, location: 2F
2-2: Ball
3-2: Foul Ball, location: 2F
3-2: Foul Ball, location: 2F
3-2: Base on Balls
Winston Vasquez scores
Stewart Walker to third
Keith Ashton to second
Batting: RHB Bernie Benavides 0-0: Ball
1-0: Ball
2-0: Swinging Strike
2-1: Foul Ball, location: 2F
2-2: Foul Ball, location: 2F
2-2: Fielders Choice at 2nd, 6-4 (Groundball, 6, EV 85.6 MPH)
Stewart Walker scores
Keith Ashton to third
Batting: LHB Manny Grado 0-0: Called Strike
0-1: Foul Ball, location: 2F
0-2: Strikes out looking
Bottom of the 1st over - 2 runs, 1 hit, 1 error, 2 left on base; Mississippi State University 0 - Louisiana State University 2
TOP OF THE 2ND
Mississippi State University Bulldogs batting - Pitching for Louisiana State University Tigers : LHP Juan Barrios
Batting: RHB Josh Stene 0-0: Ball
1-0: Called Strike
1-1: Foul Ball, location: 2F
1-2: Foul Ball, location: 2F
1-2: Ball
2-2: Strikes out swinging
Batting: RHB Logan Strassburg 0-0: Foul Ball, location: 2F
0-1: Swinging Strike
0-2: Ball
1-2: Foul Ball, location: 2F
1-2: Ground out 6-3 (Groundball, 6, EV 80.0 MPH)
Batting: RHB Bill Petipas 0-0: Ball
1-0: Ground out 6-3 (Groundball, 6, EV 86.2 MPH)
Top of the 2nd over - 0 runs, 0 hits, 0 errors, 0 left on base; Mississippi State University 0 - Louisiana State University 2
BOTTOM OF THE 2ND
Louisiana State University Tigers batting - Pitching for Mississippi State University Bulldogs : RHP Antonio Ramirez
Batting: RHB David Olivarez 0-0: Ball
1-0: Ball
2-0: Called Strike
2-1: Swinging Strike
2-2: Foul Ball, location: 2F
2-2: Ball
3-2: Base on Balls
Batting: SHB Paul Blaylock 0-0: Called Strike
0-1: Ball
1-1: Swinging Strike
1-2: Ball
2-2: Ball
3-2: Strikes out swinging
Batting: LHB Elijah Mallandain 0-0: Ball
1-0: Called Strike
1-1: Foul Ball, location: 2F
1-2: Foul Ball, location: 2F
1-2: Ball
2-2: Foul Ball, location: 2F
2-2: Foul Ball, location: 2F
2-2: Ball
3-2: Base on Balls
David Olivarez to second
Batting: RHB Winston Vasquez 0-0: Ball
1-0: Foul Ball, location: 2F
1-1: Ball
2-1: Called Strike
2-2: Ball
3-2: Foul Ball, location: 2F
3-2: Fielders Choice at 2nd, 6-4 (Groundball, 56, EV 78.1 MPH)
David Olivarez to third
Batting: RHB Stewart Walker 0-0: Ball
1-0: Called Strike
1-1: Swinging Strike
1-2: Ground out 4-3 (Groundball, 4M, EV 95.6 MPH)
Bottom of the 2nd over - 0 runs, 0 hits, 0 errors, 2 left on base; Mississippi State University 0 - Louisiana State University 2
TOP OF THE 3RD
Mississippi State University Bulldogs batting - Pitching for Louisiana State University Tigers : LHP Juan Barrios
Batting: RHB Oscar Vargas 0-0: Ball
1-0: Ball
2-0: Fly out, F7 (Flyball, 78D, EV 99.4 MPH)
Batting: RHB Jun Qing 0-0: Ball
1-0: DOUBLE (Groundball, 5L, EV 104.4 MPH)
Batting: RHB Freddie Kite 0-0: Ball
1-0: Ball
2-0: Fly out, F6 (Line Drive, 6, EV 78.8 MPH)
Batting: RHB Masahito Sunada 0-0: Ball
1-0: Ball
2-0: Swinging Strike
2-1: Swinging Strike
2-2: Foul Ball, location: 2F
2-2: Ground out 5-3 (Groundball, 56S, EV 82.5 MPH)
Top of the 3rd over - 0 runs, 1 hit, 0 errors, 1 left on base; Mississippi State University 0 - Louisiana State University 2
BOTTOM OF THE 3RD
Louisiana State University Tigers batting - Pitching for Mississippi State University Bulldogs : RHP Antonio Ramirez
Batting: RHB Keith Ashton 0-0: Called Strike
0-1: Ground out 4-3 (Groundball, 4D, EV 93.1 MPH)
Batting: LHB Oscar Rivera 0-0: Foul Ball, location: 2F
0-1: Foul Ball, location: 2F
0-2: Ball
1-2: Strikes out looking
Batting: RHB Bernie Benavides 0-0: Called Strike
0-1: Ball
1-1: Ball
2-1: Ball
3-1: Ground out 6-3 (Groundball, 6, EV 85.6 MPH)
Bottom of the 3rd over - 0 runs, 0 hits, 0 errors, 0 left on base; Mississippi State University 0 - Louisiana State University 2
TOP OF THE 4TH
Mississippi State University Bulldogs batting - Pitching for Louisiana State University Tigers : LHP Juan Barrios
Batting: RHB Benito Gonzales 0-0: Called Strike
0-1: Ground out 1-3 (Groundball, 34S, EV 68.8 MPH)
Batting: RHB Cody Ammann 0-0: Ground out U3 (Groundball, 3S, EV 86.2 MPH)
Batting: RHB Josh Stene 0-0: Foul Ball, location: 2F
0-1: Swinging Strike
0-2: Foul Ball, location: 2F
0-2: Strikes out swinging
Top of the 4th over - 0 runs, 0 hits, 0 errors, 0 left on base; Mississippi State University 0 - Louisiana State University 2
BOTTOM OF THE 4TH
Louisiana State University Tigers batting - Pitching for Mississippi State University Bulldogs : RHP Antonio Ramirez
Pitching: RHP Bob Majka
Batting: LHB Manny Grado 0-0: Swinging Strike
0-1: Called Strike
0-2: Foul Ball, location: 2F
0-2: Strikes out looking
Batting: RHB David Olivarez 0-0: Fly out, F8 (Flyball, 8RD, EV 88.8 MPH)
Batting: SHB Paul Blaylock 0-0: Called Strike
0-1: Ball
1-1: Ball
2-1: Foul Ball, location: 2F
2-2: Foul Ball, location: 2F
2-2: Strikes out looking
Bottom of the 4th over - 0 runs, 0 hits, 0 errors, 0 left on base; Mississippi State University 0 - Louisiana State University 2
TOP OF THE 5TH
Mississippi State University Bulldogs batting - Pitching for Louisiana State University Tigers : LHP Juan Barrios
Batting: RHB Logan Strassburg 0-0: Swinging Strike
0-1: Foul Ball, location: 2F
0-2: SINGLE (Groundball, 6S, EV 73.8 MPH) (infield hit)
Batting: RHB Bill Petipas 0-0: Hit by Pitch
Logan Strassburg to second
Batting: RHB Oscar Vargas 0-0: Called Strike
0-1: Ball
1-1: Swinging Strike
1-2: Strikes out swinging
Batting: RHB Jun Qing 0-0: Called Strike
0-1: Ball
1-1: Fielders Choice at 2nd, 6-4 (Groundball, 6, EV 82.5 MPH)
Logan Strassburg to third
Batting: RHB Freddie Kite 0-0: Called Strike
0-1: Ball
1-1: Ball
2-1: Fly out, F9 (Line Drive, 9, EV 96.9 MPH)
Top of the 5th over - 0 runs, 1 hit, 0 errors, 2 left on base; Mississippi State University 0 - Louisiana State University 2
BOTTOM OF THE 5TH
Louisiana State University Tigers batting - Pitching for Mississippi State University Bulldogs : RHP Bob Majka
Batting: LHB Elijah Mallandain 0-0: Ball
1-0: Foul Ball, location: 2F
1-1: Ball
2-1: Foul Ball, location: 2F
2-2: Ball
3-2: Fly out, F9 (Flyball, 9, EV 90.0 MPH)
Batting: RHB Winston Vasquez 0-0: Ball
1-0: Ball
2-0: Fly out, F9 (Flyball, 89S, EV 90.0 MPH)
Batting: RHB Stewart Walker 0-0: Called Strike
0-1: Foul Ball, location: 2F
0-2: Foul Ball, location: 2F
0-2: Fly out, F8 (Flyball, 8RD, EV 105.6 MPH)
Bottom of the 5th over - 0 runs, 0 hits, 0 errors, 0 left on base; Mississippi State University 0 - Louisiana State University 2
TOP OF THE 6TH
Mississippi State University Bulldogs batting - Pitching for Louisiana State University Tigers : LHP Juan Barrios
Batting: RHB Masahito Sunada 0-0: Ball
1-0: Ground out 1-3 (Groundball, 13S, EV 71.9 MPH)
Batting: RHB Benito Gonzales 0-0: Ball
1-0: SINGLE (Groundball, 4M, EV 82.5 MPH) (infield hit)
Batting: RHB Cody Ammann 0-0: Called Strike
Benito Gonzales is caught stealing 2nd base 2-4
0-1: Ball
1-1: SINGLE (Line Drive, 56, EV 99.4 MPH)
Batting: RHB Josh Stene 0-0: Foul Ball, location: 2F
0-1: Ball
1-1: Called Strike
1-2: Strikes out swinging
Top of the 6th over - 0 runs, 2 hits, 0 errors, 1 left on base; Mississippi State University 0 - Louisiana State University 2
BOTTOM OF THE 6TH
Louisiana State University Tigers batting - Pitching for Mississippi State University Bulldogs : RHP Bob Majka
Batting: RHB Keith Ashton 0-0: Ball
1-0: Fly out, F8 (Flyball, 78M, EV 81.2 MPH)
Batting: LHB Oscar Rivera 0-0: Called Strike
0-1: Ball
1-1: Ground out 6-3 (Groundball, 6, EV 88.1 MPH)
Batting: RHB Bernie Benavides 0-0: Called Strike
0-1: Ball
1-1: Ball
2-1: Ball
3-1: Base on Balls
Batting: LHB Manny Grado 0-0: Ball
1-0: Foul Ball, location: 2F
1-1: Swinging Strike
1-2: Ball
2-2: Ball
3-2: Fly out, F9 (Line Drive, 9S, EV 96.9 MPH)
Bottom of the 6th over - 0 runs, 0 hits, 0 errors, 1 left on base; Mississippi State University 0 - Louisiana State University 2
TOP OF THE 7TH
Mississippi State University Bulldogs batting - Pitching for Louisiana State University Tigers : LHP Juan Barrios
Batting: RHB Logan Strassburg 0-0: Called Strike
0-1: Ground out 6-3 (Groundball, 6, EV 88.8 MPH)
Batting: RHB Bill Petipas 0-0: Ball
1-0: Ball
2-0: Foul Ball, location: 2F
2-1: Ball
3-1: Base on Balls
Pitching: RHP Michael Koppers
Batting: RHB Oscar Vargas 0-0: Ball
1-0: Swinging Strike
1-1: Ball
2-1: Called Strike
2-2: DOUBLE (Line Drive, 8RXD, EV 109.4 MPH)
Bill Petipas to third
Pinch Hitting: RHB Karl Lukasiewicz 0-0: Called Strike
0-1: SINGLE (Line Drive, 9LS, EV 96.9 MPH)
Bill Petipas scores
Oscar Vargas to third
Batting: RHB Freddie Kite 0-0: Ball
1-0: Foul Ball, location: 2F
1-1: Ball
2-1: Grounds into double play, 6-4-3 (Groundball, 56, EV 88.8 MPH)
Top of the 7th over - 1 run, 2 hits, 0 errors, 1 left on base; Mississippi State University 1 - Louisiana State University 2
BOTTOM OF THE 7TH
Louisiana State University Tigers batting - Pitching for Mississippi State University Bulldogs : RHP Bob Majka
Pitching: LHP Terry Sanders
Now in CF: Karl Lukasiewicz
Batting: RHB David Olivarez 0-0: Called Strike
0-1: Ball
1-1: Ball
2-1: Ball
3-1: Called Strike
3-2: Base on Balls
Batting: SHB Paul Blaylock 0-0: Bunted foul
0-1: Bunt missed!
0-2: Foul Ball, location: 2F
0-2: Ball
1-2: Ball
2-2: Ball
3-2: Base on Balls
David Olivarez to second
Batting: LHB Elijah Mallandain 0-0: Sac Bunt to 3S - play at first, batter OUT! 3-1
David Olivarez to third
Paul Blaylock to second
Batting: RHB Winston Vasquez 0-0: Ball
1-0: Ball
2-0: Ball
3-0: Called Strike
3-1: Foul Ball, location: 2F
3-2: Ground out 6-3 (Groundball, 56, EV 109.4 MPH)
Batting: RHB Stewart Walker 0-0: Ball
1-0: Foul Ball, location: 2F
1-1: Swinging Strike
1-2: SINGLE (Groundball, 56D, EV 94.4 MPH)
David Olivarez scores
Paul Blaylock to third
Batting: RHB Keith Ashton 0-0: Foul Ball, location: 2F
0-1: SINGLE (Groundball, 56D, EV 98.8 MPH)
Paul Blaylock scores
Stewart Walker to second
Runner from 2nd tries for 3rd, SAFE, no throw by LF
Batting: LHB Oscar Rivera 0-0: Ball
1-0: Ground out 4-3 (Groundball, 34, EV 91.2 MPH)
Bottom of the 7th over - 2 runs, 2 hits, 0 errors, 2 left on base; Mississippi State University 1 - Louisiana State University 4
TOP OF THE 8TH
Mississippi State University Bulldogs batting - Pitching for Louisiana State University Tigers : RHP Michael Koppers
Batting: RHB Masahito Sunada 0-0: SOLO HOME RUN (Flyball, 78XD, EV 106.2 MPH), Distance : 416 ft
Batting: RHB Benito Gonzales 0-0: Ball
1-0: Ball
2-0: Called Strike
2-1: Fly out, F8 (Flyball, 89M, EV 86.9 MPH)
Batting: RHB Cody Ammann 0-0: Ball
1-0: Ball
2-0: SINGLE (Line Drive, 8RS, EV 88.1 MPH)
Batting: RHB Josh Stene 0-0: Foul Ball, location: 2F
0-1: Ball
1-1: Swinging Strike
1-2: Ball
2-2: Ball
3-2: Foul Ball, location: 2F
3-2: Strikes out looking
Batting: RHB Logan Strassburg 0-0: Swinging Strike
0-1: Foul Ball, location: 2F
0-2: Ball
1-2: Strikes out swinging
Top of the 8th over - 1 run, 2 hits, 0 errors, 1 left on base; Mississippi State University 2 - Louisiana State University 4
BOTTOM OF THE 8TH
Louisiana State University Tigers batting - Pitching for Mississippi State University Bulldogs : LHP Terry Sanders
Pitching: RHP Julio Espana
Batting: RHB Bernie Benavides 0-0: Ball
1-0: Reached on error, E4 (Groundball, 4, EV 105.0 MPH)
Batting: LHB Manny Grado 0-0: Called Strike
0-1: Foul Ball, location: 2F
0-2: Ball
1-2: Ball
2-2: Ball
3-2: Strikes out swinging
Batting: RHB David Olivarez 0-0: Foul Ball, location: 2F
0-1: Ball
1-1: Ground out 1-4-3 (Groundball, 15S, EV 98.8 MPH)
Bernie Benavides to third
Batting: SHB Paul Blaylock 0-0: Foul Ball, location: 2F
0-1: Ball
1-1: Ball
2-1: Foul Ball, location: 2F
2-2: Foul Ball, location: 2F
2-2: Ball
3-2: SINGLE (Groundball, 6MD, EV 98.1 MPH)
Bernie Benavides scores
Batting: LHB Elijah Mallandain 0-0: Ball
1-0: Ball
2-0: Foul Ball, location: 2F
2-1: Foul Ball, location: 2F
2-2: Fielders Choice at 2nd, 6-4 (Groundball, 6, EV 91.9 MPH)
Bottom of the 8th over - 1 run, 1 hit, 1 error, 1 left on base; Mississippi State University 2 - Louisiana State University 5
TOP OF THE 9TH
Mississippi State University Bulldogs batting - Pitching for Louisiana State University Tigers : RHP Michael Koppers
Pitching: LHP Luis Sandoval
Batting: RHB Bill Petipas 0-0: Ball
1-0: Ball
2-0: Ground out 3-1 (Groundball, 34, EV 85.0 MPH)
Batting: RHB Oscar Vargas 0-0: Foul Ball, location: 2F
0-1: Swinging Strike
0-2: Strikes out swinging
Batting: RHB Karl Lukasiewicz 0-0: Called Strike
0-1: Ground out 5-3 (Groundball, 56S, EV 92.5 MPH)
Top of the 9th over - 0 runs, 0 hits, 0 errors, 0 left on base; Mississippi State University 2 - Louisiana State University 5
Tuesday, March 28th , 2023 - OOTP Baseball 23.10 Build 110